 Dungeon Crawl Stone Soup version 0.30-a0-424-g7412bad402 (webtiles) character file.

Game seed: 14223456087288061984

2 dr0g0th the Shield-Bearer (level 1, 0/19 HPs)
             Began as a Meteoran Fighter on Dec 10, 2022.
             Slain by a gnoll
             ... wielding a +0 club
              (7 damage)
             ... on level 1 of the Dungeon.
             The game lasted 00:00:25 (216 turns).

dr0g0th the Shield-Bearer (Meteoran Fighter)         Turns: 216, Time: 00:00:25

Health: 0/19       AC:  6    Str: 17    XL:     1   Next: 57%
Magic:  2/2        EV:  9    Int:  9    God:
Gold:   19         SH:  5    Dex: 13    Spells: 0/0 levels left

rFire   . . .      SeeInvis .    a - +0 flail
rCold   . . .      Faith    .    c - +0 buckler
rNeg    . . .      Spirit   .    b - +0 scale mail
rPois   .          Reflect  .    (no helmet)
rElec   .          Harm     .    (no cloak)
rCorr   .          Rampage  .    (no gloves)
Will    .....                    (no boots)
Stlth   ..........               (no amulet)
HPRegen 0.23/turn                (no ring)
MPRegen 0.08/turn                (no ring)

@: attractive, flying, glowing
A: sense surroundings 1, otherworldly, glowing, explore regen
a: no special abilities


You were on level 1 of the Dungeon.
You visited 1 branch of the dungeon, and saw 1 of its levels.

You collected 19 gold pieces.

Inventory:

Hand Weapons
 a - a +0 flail (weapon)
Armour
 b - a +0 scale mail (worn)
 c - a +0 buckler (worn)
Jewellery
 i - a ring of ice
Scrolls
 f - a scroll of fear {unknown}
 j - a scroll of acquirement {unknown}
Potions
 d - a potion of might
 h - a potion of flight
 k - a potion of heal wounds {unknown}


   Skills:
 + Level 3.4 Fighting
 + Level 2.7 Maces & Flails
 + Level 3.6 Armour
 + Level 3.6 Shields


You couldn't memorise any spells.
You didn't know any spells.
Your spell library was empty.

Dungeon Overview and Level Annotations

Branches:
Dungeon (1/15) Zot: 380

Altars:

Shops:
D:1 [


Innate Abilities, Weirdness & Mutations

You passively map a small area around you.
You are easily found by Zot.
You glow in the dark.
You regain HP and MP as you explore.


Message History

The ball python barely misses you. The ball python constricts you.
You sock the ball python!
You kill the ball python!
There are monsters nearby!
The gnoll hits you with a +0 club.
You hit the gnoll.
The gnoll is moderately wounded.
The gnoll hits you with a +0 club.
You hit the gnoll but do no damage.
The gnoll is moderately wounded.
The kobold barely misses you. The gnoll hits you with a +0 club.
The kobold hits you but does no damage. The gnoll hits you with a +0 club.
You are too injured to fight recklessly!
The kobold attacks as you move away! The kobold barely misses you.
You are too injured to fight recklessly!
You hit the kobold.
The kobold is severely wounded.
The kobold hits you with a +0 club.
* * * LOW HITPOINT WARNING * * *
You closely miss the kobold.
The kobold is severely wounded.
The kobold hits you with a +0 club.
* * * LOW HITPOINT WARNING * * *
It was a potion of attraction.
You feel attractive to monsters. The kobold closely misses you.
It was a potion of curing.
You feel better. The kobold hits you with a +0 club.
It was a potion of flight.
You feel very buoyant.
You fly up into the air.
The kobold hits you with a +0 club.
You hit the kobold.
You kill the kobold!
The gnoll misses you.
You hit the gnoll.
The gnoll is moderately wounded.
The gnoll closely misses you.
You hit the gnoll.
The gnoll is heavily wounded.
The gnoll hits you with a +0 club!
You die...

#.# .)..###* #.#
.#....., #.# .# ... ,
#.##.#*#.#####
##.#..###.#.... #....#
#......#
###.∩.###.......
###...............
#@..######...##### ***
#g#####.....##
#.......###..#########.
#......................
#....>..####....#######
#.......# #....#
#.......# #....# *
#.......# #....#
#.......# #....######*


You could see a gnoll.

Vanquished Creatures
  A ball python (D:1)
  A kobold (D:1)
2 creatures vanquished.

Notes
Turn   | Place    | Note
-------+----------+-------------------------------------------
     0 | D:1      | dr0g0th the Meteoran Fighter began the quest for the Orb.
     0 | D:1      | Reached XP level 1. HP: 19/19 MP: 2/2
   185 | D:1      | Found Puwory Ria's Antique Armour Shoppe.
   216 | D:1      | Slain by a gnoll

Illustrated notes

Levels and vault maps discovered:
D:1:      dpeg_cavernosity, layout_rooms, serial_shops, nicolae_shop_stone

Action                   || total
-------------------------++-------
Melee: Flail             ||     9
  Use: Potion            ||     3
Armor: Scale mail        ||     1
Dodge: Dodged            ||     6

Table legend: (Time is in decaauts)
 A = Elapsed time spent in this place.
 B = Non-inter-level travel time spent in this place.
 C = Inter-level travel time spent in this place.
 D = Time resting spent in this place.
 E = Time spent auto-exploring this place.
 F = Levels seen in this place.
 G = Mean time per level.
                   A        B        C        D        E       F      G
               +--------+--------+--------+--------+--------+-----+--------+
         Total |    218 |    218 |      0 |      0 |    186 |   1 |  218.0 |
       Dungeon |    218 |    218 |      0 |      0 |    186 |   1 |  218.0 |
               +--------+--------+--------+--------+--------+-----+--------+

Top non-repeatable levels by time:
     D:1: 218 daAuts
